 Dungeon Crawl Stone Soup version 0.29.0-4-gdea44cf6ec (webtiles) character file.

Game seed: 3712853846358075340

77 qw the Chopper (level 4, -2/26 HPs)
             Began as a Tengu Warper on Aug 28, 2022.
             Slain by a yak (5 damage)
             ... on level 5 of the Dungeon.
             The game lasted 00:00:11 (1964 turns).

qw the Chopper (Tengu Warper)                       Turns: 1964, Time: 00:00:11

Health: -2/26      AC: 10    Str: 27    XL:     4   Next: 33%
Magic:  8/8        EV:  9    Int: 12    God:
Gold:   141        SH:  0    Dex: 11    Spells: 7/7 levels left

rFire   . . .      SeeInvis .   Y - +0 hand axe
rCold   . . .      Faith    .   (no shield)
rNeg    . . .      Spirit   .   f - +0 chain mail
rPois   +          Reflect  .   (helmet restricted)
rElec   .          Harm     .   (no cloak)
rCorr   .          Rampage  .   (no gloves)
Will    .....                   (boots unavailable)
Stlth   ..........              (no amulet)
HPRegen 0.08/turn               j - +6 ring of strength
MPRegen 0.11/turn               (no ring)

@: no status effects
A: beak, talons 3, iridescent scales 1, poison resistance, strong 2
a: no special abilities


You were on level 5 of the Dungeon.
You visited 1 branch of the dungeon, and saw 4 of its levels.

You collected 141 gold pieces.


Innate Abilities, Weirdness & Mutations

You have a beak for a mouth.
You have claws for feet.
You are partially covered in iridescent scales. (AC +2)
Your system is resistant to poisons. (rPois)
Your muscles are very strong. (Str +8, Int/Dex -2)


   Skills:
 - Level 2.0 Fighting
 + Level 4.9 Axes
 - Level 1.0 Throwing
 - Level 1.1 Armour
 - Level 2.1 Dodging
 - Level 2.0 Spellcasting
 - Level 2.4 Translocations


You had 7 spell levels left.
You didn't know any spells.
Your spell library contained the following spells:

 Spells                   Type           Power      Damage    Failure   Level
 Blink                    Tloc           12%        N/A       71%         2
 Gell's Gravitas          Tloc           6%         N/A       90%         3
 Lesser Beckoning         Tloc           6%         N/A       90%         3
 Teleport Other           Tloc           6%         N/A       90%         3
 Manifold Assault         Tloc           6%         N/A       100%        5

Inventory:

Hand Weapons
 a - the +4 war axe of the Pill Bug {flame, Fragile rF+ MP+9 Int+5}
   (You found it on level 2 of the Dungeon)

   It burns those it strikes, dealing additional fire damage.
   Big, fiery blades are also staple armaments of hydra-hunters.
   Int:       It affects your intelligence (+5).
   rF:        It protects you from fire.
   MP:        It affects your magic capacity (+9).
   Fragile:   It will be destroyed if unequipped.
 d - a +0 whip
 Y - a +0 hand axe (weapon)
Armour
 f - a +0 chain mail (worn)
Jewellery
 j - a +6 ring of strength (left hand)
Scrolls
 b - a scroll of identify
Potions
 e - 2 potions of mutation
 h - 2 potions of haste

Dungeon Overview and Level Annotations

Branches:
Dungeon (5/15)
 Temple: D:4-7

Altars:
Qazlal


Message History

You start resting.
HP restored.
A rat comes into view.
The rat moves out of view.
Found a stone staircase leading down.
A rat is nearby!
You barely miss the rat. Your kick misses the rat. The rat closely misses you.
You hit the rat but do no damage. Your peck misses the rat.
The rat barely misses you.
You slash the rat!
You kill the rat!
There is a stone staircase leading down here.
A sourceless malevolence fills the Dungeon...
You fall into a shaft and drop 2 floors!
The shaft crumbles and collapses.
Found a stone staircase leading down.
Existing waypoints: (1) D:2 (2) D:3 Assign waypoint to what number? (0-9, D - delete waypoint) Waypoint 1 re-assigned from D:2 to D:5.
Enter note:
b - a scroll of identify A yak comes into view.
The yak bellows!
You hear a bellow! x2
A yak comes into view.
You hear a bellow!
Enter note: You hear an angry hiss.
An adder comes into view.
1962 ||| Stepping ~*~*~tactically~*~*~ (stealth).
The yak attacks as you move away! The yak gores you!
The yak attacks as you move away! The yak gores you.
1963 ||| Stepping ~*~*~tactically~*~*~ (stealth).
The yak attacks as you move away! The yak gores you!
You slash the yak! You peck the yak.
The yak is moderately wounded.
You closely miss the yak. The yak gores you.
You die...

#####.....>####
#####.....##
####...# ##..#
#..# #..# #.
##..#
#..#####..##
#....@Y.##
##....Y.#####..
###.....S..S.#
##......=..#
#..########
#..## #..# #..#
...


You could see 2 yaks and an adder.

Vanquished Creatures
  Natasha (D:2)
  2 adders (D:2)
  A worm (D:2)
  A dart slug (D:2)
  2 bats
  An endoplasm (D:1)
  4 giant cockroaches
  2 goblins
  3 hobgoblins
  4 kobolds
  2 quokkas (D:2)
  3 ball pythons (D:1)
  3 frilled lizards
  2 rats
31 creatures vanquished.

Notes
Turn   | Place    | Note
-------+----------+-------------------------------------------
     0 | D:1      | qw the Tengu Warper began the quest for the Orb.
     0 | D:1      | Reached XP level 1. HP: 12/12 MP: 4/4
     0 | D:1      | 0 ||| qw: Version: 0.1-a-89-g26bdef1
     0 | D:1      | 0 ||| qw: Game counter: 2888
     0 | D:1      | 0 ||| qw: Always use a shield: true
     0 | D:1      | 0 ||| qw: God list: Okawaru
     0 | D:1      | 0 ||| qw: Allow faded altars: false
     0 | D:1      | 0 ||| qw: Do Orc after D:15 true
     0 | D:1      | 0 ||| qw: Do second Lair branch before Depths: true
     0 | D:1      | 0 ||| qw: Lair rune preference: random
     0 | D:1      | 0 ||| qw: Plans: Normal
     0 | D:1      | 0 ||| PLANNING D:1-11
    39 | D:1      | 39 ||| Stepping ~*~*~tactically~*~*~ (stealth).
    43 | D:1      | 43 ||| Stepping ~*~*~tactically~*~*~ (stealth).
    50 | D:1      | HP: 3/12 [constriction (1)]
    54 | D:1      | HP: 1/12 [giant cockroach (2)]
   382 | D:1      | Reached skill level 3 in Axes
   382 | D:1      | Reached XP level 2. HP: 17/17 MP: 6/6
   412 | D:1      | 412 ||| Stepping ~*~*~tactically~*~*~ (stealth).
   644 | D:1      | 644 ||| Stepping ~*~*~tactically~*~*~ (stealth).
   770 | D:1      | 770 ||| UPGRADING to +0 chain mail.
   780 | D:1      | 780 ||| DROPPING +0 leather armour.
   781 | D:1      | 781 ||| READING scroll labelled TAUTYTAGG.
   782 | D:1      | 782 ||| READING scroll labelled JYGELO KU PAEC.
   783 | D:1      | 783 ||| READING scroll labelled CYEJEHU SOAFU.
   784 | D:1      | 784 ||| DRINKING 2 golden potions.
   835 | D:1      | 835 ||| DROPPING scroll of blinking.
   836 | D:1      | 836 ||| DROPPING potion of lignification.
   974 | D:2      | Identified the +4 war axe of the Pill Bug {flame, Fragile
                  | rF+ MP+9 Int+5}
   990 | D:2      | Reached XP level 3. HP: 21/21 MP: 7/7
  1027 | D:2      | Reached skill level 4 in Axes
  1096 | D:2      | 1096 ||| Stepping ~*~*~tactically~*~*~ (stealth).
  1348 | D:2      | 1348 ||| Stepping ~*~*~tactically~*~*~ (hiding).
  1612 | D:2      | Found a stormy altar of Qazlal.
  1645 | D:2      | Noticed Natasha
  1650 | D:2      | Killed Natasha
  1651 | D:2      | Reached XP level 4. HP: 15/26 MP: 8/8
  1846 | D:2      | 1846 ||| UPGRADING to +6 ring of strength.
  1847 | D:2      | 1847 ||| READING 2 scrolls labelled QOTWUO YFIKHEU.
  1848 | D:2      | 1848 ||| READING scroll labelled MAUVVO KAKH.
  1849 | D:2      | 1849 ||| READING scroll labelled UMABIS ZIYSO.
  1850 | D:2      | 1850 ||| DRINKING 2 silvery potions.
  1851 | D:2      | 1851 ||| DRINKING 3 ruby potions.
  1851 | D:2      | Gained mutation: Your muscles are strong. (Str +4, Int/Dex
                  | -1) [potion of mutation]
  1851 | D:2      | Gained mutation: You are partially covered in iridescent
                  | scales. (AC +2) [potion of mutation]
  1851 | D:2      | Gained mutation: Your muscles are very strong. (Str +8,
                  | Int/Dex -2) [potion of mutation]
  1851 | D:2      | Gained mutation: Your system is resistant to poisons.
                  | (rPois) [potion of mutation]
  1852 | D:2      | 1852 ||| DRINKING 3 orange potions.
  1853 | D:2      | 1853 ||| DROPPING potion of flight.
  1854 | D:2      | 1854 ||| DROPPING scroll of vulnerability.
  1935 | D:3      | You fall into a shaft and drop 2 floors!
  1935 | D:5      | Entered Level 5 of the Dungeon
  1956 | D:5      | Noticed a yak
  1956 | D:5      | Noticed a yak
  1962 | D:5      | 1962 ||| Stepping ~*~*~tactically~*~*~ (stealth).
  1963 | D:5      | 1963 ||| Stepping ~*~*~tactically~*~*~ (stealth).
  1963 | D:5      | HP: 3/26 [yak (9)]
  1964 | D:5      | Slain by a yak

Levels and vault maps discovered:
D:1:      wander_arrival_estate, layout_rooms
D:2:      layout_loops_corners, basic_altar, minmay_misc_feat_diagonals,
          serial_park_tiny_2, wad_floor_pattern_2, solitary_fountain,
          kennysheep_generic_room_8, uniq_natasha
D:3:      layout_basic, mainiacjoe_overflow_tiny_flanked,
          eat_drink_and_be_merry_uskayaw, hellmonk_ecumenical_altar_lost_god,
          nicolae_kite_square_tiling_tiny, lightli_corner_chamber, uniq_ijyb
D:5:      layout_layer_cave, lemuel_tele_altar, uniq_pikel

Skill      XL: |  1  2  3 |
---------------+----------+-----
Axes           | 3 4 |  4.9
Fighting       | |  2.0
Throwing       | |  1.0
Armour         | |  1.1
Dodging        | |  2.1
Spellcasting   | |  2.0
Translocations | |  2.4

Action                   |  1- 3 |  4- 6 || total
-------------------------+-------+-------++-------
Melee: Hand axe          |    57 |     6 ||    63
       Kick              |    11 |       ||    11
       Peck              |     7 |     1 ||     8
Throw: Boomerang         |     7 |       ||     7
  Use: Scroll            |     3 |     3 ||     6
       Potion            |     1 |     3 ||     4
Armor: Leather armour    |     7 |       ||     7
       Chain mail        |     8 |     1 ||     9
       Skin              |     2 |       ||     2
Dodge: Dodged            |    16 |     2 ||    18

Table legend:
 A = Non-vault XP
 B = Vault XP
 C = Vault XP percentage of total XP
 D = Non-vault monster count
 E = Vault monster count
 F = Vault count percentage of total count
                 A         B        C        D         E       F
            +---------+---------+-------+---------+---------+-------
      Total |      73 |      37 |  33.6 |      29 |       2 |   6.5
            +---------+---------+-------+---------+---------+-------
        D:1 |      22 |       0 |   0.0 |      15 |       0 |   0.0
        D:2 |      48 |      37 |  43.5 |      12 |       2 |  14.3
        D:3 |       3 |       0 |   0.0 |       2 |       0 |   0.0
            +---------+---------+-------+---------+---------+-------
